 Dungeon Crawl Stone Soup version 0.29.0-4-gdea44cf6ec (webtiles) character file.

Game seed: 13005596107710853043

196 qw the Chopper (level 5, -1/30 HPs)
             Began as a Tengu Warper on Aug 28, 2022.
             Succumbed to a kobold's poison
             ... on level 4 of the Dungeon.
             The game lasted 00:00:21 (3949 turns).

qw the Chopper (Tengu Warper)                       Turns: 3949, Time: 00:00:22

Health: -1/30      AC:  8    Str: 11 (12) XL:     5   Next: 74%
Magic:  9/9        EV:  6    Int: 17      God:
Gold:   145        SH:  0    Dex: 12 (13) Spells: 8/8 levels left

rFire   . . .      SeeInvis .   Y - +0 hand axe
rCold   . . .      Faith    .   (no shield)
rNeg    + . .      Spirit   .   c - +0 chain mail
rPois   .          Reflect  .   (helmet restricted)
rElec   .          Harm     .   (no cloak)
rCorr   .          Rampage  .   (no gloves)
Will    .....                   (boots unavailable)
Stlth   ..........              (no amulet)
HPRegen 0.10/turn               e - ring of positive energy
MPRegen 0.11/turn               (no ring)

@: lethally poisoned (-1 -> -9), flying quickly and evasively, quick
A: beak, talons 3, nimble flight, clever 1
a: no special abilities


You were on level 4 of the Dungeon.
You visited 1 branch of the dungeon, and saw 4 of its levels.

You collected 145 gold pieces.


Innate Abilities, Weirdness & Mutations

You have a beak for a mouth.
You have claws for feet.
Your magical nature lets you fly swiftly and evasively.
Your mind is acute. (Int +4, Str/Dex -1)


   Skills:
 - Level 2.0 Fighting
 + Level 6.0 Axes
 - Level 1.0 Throwing
 - Level 2.1 Armour
 - Level 2.1 Dodging
 - Level 2.0 Spellcasting
 - Level 2.4 Translocations


You had 8 spell levels left.
You didn't know any spells.
Your spell library contained the following spells:

 Spells                   Type           Power      Damage    Failure   Level
 Blink                    Tloc           18%        N/A       99%         2
 Gell's Gravitas          Tloc           9%         N/A       100%        3
 Lesser Beckoning         Tloc           9%         N/A       100%        3
 Teleport Other           Tloc           9%         N/A       100%        3
 Manifold Assault         Tloc           9%         N/A       100%        5

Inventory:

Hand Weapons
 b - a +0 flail
 Y - a +0 hand axe (weapon)
Missiles
 i - 13 boomerangs (quivered)
Armour
 c - a +0 chain mail (worn)
Jewellery
 e - a ring of positive energy (left hand)
Scrolls
 a - a scroll of identify
Potions
 d - a potion of resistance {unknown}
 f - 2 potions of might
 j - a potion of heal wounds {unknown}

Dungeon Overview and Level Annotations

Branches:
Dungeon (4/15)
 Temple: D:4-7

Altars:


Message History

You feel sick.
There is an open door, spattered with blood here.
Things that are here:
a hound skeleton; a hound skeleton You feel sick.
You are no longer poisoned.
There is an open door here.
There is an open door here.
Found a brown potion.
You start resting.
A kobold is nearby!
3936 ||| FLEEEEING.
3937 ||| FLEEEEING.
The kobold throws a poisoned dart.
The poisoned dart barely misses you.
There is a stone staircase leading down here.
3938 ||| FLEEEEING.
The kobold throws a poisoned dart.
The poisoned dart barely misses you.
3939 ||| FLEEEEING.
3940 ||| FLEEEEING.
There is an escape hatch in the floor here.
3941 ||| FLEEEEING.
The kobold throws a poisoned dart.
The poisoned dart hits you!
You are poisoned.
3942 ||| FLEEEEING.
You feel very sick.
3943 ||| FLEEEEING.
You feel sick.
3944 ||| FLEEEEING.
You feel sick.
3945 ||| FLEEEEING.
You feel sick.
The kobold throws a poisoned dart.
The poisoned dart hits you!
You are lethally poisoned!
3946 ||| FLEEEEING.
You feel very sick.
3947 ||| FLEEEEING.
You feel sick.
3948 ||| FLEEEEING.
You feel sick.
3949 ||| FLEEEEING.
You die...

.. ##.K.###### .# ..
#.....)...+...# .
#.........#...#
#.........#...#
#######..##...##..#
###.##..##...##..#
..............+....
..............#...##+##
..........@...#...##..##
..............##..##...#
..#.....###...##..##...#
# ###########'##.......#
#.......).##<.##
#......#..##..#
##.....#####...# #####.#
....# ### ....#


There were no monsters in sight!

Vanquished Creatures
  2 hounds (D:4)
  An iguana (D:4)
  2 adders
  An ufetubus (D:4)
  A worm (D:3)
  A dart slug (D:2)
  5 orcs
  3 endoplasms
  2 giant cockroaches (D:1)
  4 goblins
  8 hobgoblins
  4 jackals (D:3)
  6 quokkas
  4 ball pythons
  11 bats
  5 frilled lizards
  8 kobolds
  4 rats
72 creatures vanquished.

Notes
Turn   | Place    | Note
-------+----------+-------------------------------------------
     0 | D:1      | qw the Tengu Warper began the quest for the Orb.
     0 | D:1      | Reached XP level 1. HP: 12/12 MP: 4/4
     0 | D:1      | 0 ||| qw: Version: 0.1-a-89-g26bdef1
     0 | D:1      | 0 ||| qw: Game counter: 566
     0 | D:1      | 0 ||| qw: Always use a shield: true
     0 | D:1      | 0 ||| qw: God list: Okawaru
     0 | D:1      | 0 ||| qw: Allow faded altars: false
     0 | D:1      | 0 ||| qw: Do Orc after D:15 true
     0 | D:1      | 0 ||| qw: Do second Lair branch before Depths: true
     0 | D:1      | 0 ||| qw: Lair rune preference: random
     0 | D:1      | 0 ||| qw: Plans: Normal
     0 | D:1      | 0 ||| PLANNING D:1-11
   126 | D:1      | Reached XP level 2. HP: 17/17 MP: 6/6
   138 | D:1      | Reached skill level 3 in Axes
   196 | D:1      | 196 ||| Stepping ~*~*~tactically~*~*~ (stealth).
   199 | D:1      | 199 ||| Stepping ~*~*~tactically~*~*~ (stealth).
   521 | D:1      | 521 ||| Stepping ~*~*~tactically~*~*~ (stealth).
   525 | D:1      | 525 ||| DROPPING +0 club.
   535 | D:1      | Reached XP level 3. HP: 21/21 MP: 7/7
   814 | D:1      | 814 ||| Stepping ~*~*~tactically~*~*~ (stealth).
   817 | D:1      | 817 ||| Stepping ~*~*~tactically~*~*~ (stealth).
   821 | D:1      | Reached skill level 4 in Axes
   945 | D:1      | 945 ||| UPGRADING to ring of positive energy.
   946 | D:1      | 946 ||| READING scroll labelled DITRAEDWYN.
   947 | D:1      | 947 ||| READING scroll labelled JITON IPECEMU.
   948 | D:1      | 948 ||| DROPPING scroll of blinking.
  1038 | D:2      | 1038 ||| Stepping ~*~*~tactically~*~*~ (stealth).
  1039 | D:2      | 1039 ||| Stepping ~*~*~tactically~*~*~ (stealth).
  1155 | D:2      | Found a faded altar of an unknown god.
  1220 | D:2      | 1220 ||| Stepping ~*~*~tactically~*~*~ (stealth).
  1222 | D:2      | 1222 ||| Stepping ~*~*~tactically~*~*~ (stealth).
  1248 | D:2      | You fall into a shaft and drop 1 floor!
  1268 | D:3      | 1268 ||| Stepping ~*~*~tactically~*~*~ (stealth).
  1269 | D:3      | 1269 ||| Stepping ~*~*~tactically~*~*~ (stealth).
  1270 | D:3      | 1270 ||| Stepping ~*~*~tactically~*~*~ (stealth).
  1530 | D:3      | 1530 ||| Stepping ~*~*~tactically~*~*~ (stealth).
  1779 | D:3      | Reached XP level 4. HP: 26/26 MP: 8/8
  1859 | D:3      | 1859 ||| READING 2 scrolls labelled PAB ODDY IGO.
  1860 | D:3      | 1860 ||| READING scroll labelled OPEUCWO QEAN.
  1977 | D:3      | 1977 ||| READING scroll labelled ZOUCVU YFIPTECS.
  1978 | D:3      | 1978 ||| READING scroll labelled FAKLIY YGIE.
  1981 | D:3      | 1981 ||| READING scroll labelled ALIELIEFOO.
  1982 | D:3      | 1982 ||| DRINKING 2 sedimented orange potions.
  1982 | D:3      | Gained mutation: You sometimes lose your temper in combat.
                  | [potion of mutation]
  1982 | D:3      | Gained mutation: Your muscles are strong. (Str +4, Int/Dex
                  | -1) [potion of mutation]
  1983 | D:3      | 1983 ||| DRINKING potion of mutation.
  1983 | D:3      | Lost mutation: Your muscles are strong. (Str +4, Int/Dex
                  | -1) [potion of mutation]
  1983 | D:3      | Lost mutation: You sometimes lose your temper in combat.
                  | [potion of mutation]
  1983 | D:3      | Gained mutation: Your muscles are strong. (Str +4, Int/Dex
                  | -1) [potion of mutation]
  1983 | D:3      | Lost mutation: Your muscles are strong. (Str +4, Int/Dex
                  | -1) [potion of mutation]
  1983 | D:3      | Gained mutation: Your mind is acute. (Int +4, Str/Dex -1)
                  | [potion of mutation]
  1984 | D:3      | 1984 ||| DRINKING 2 cyan potions.
  1985 | D:3      | 1985 ||| DRINKING 3 smoky sapphire potions.
  1986 | D:3      | 1986 ||| DROPPING 2 potions of degeneration.
  2029 | D:3      | 2029 ||| Stepping ~*~*~tactically~*~*~ (stealth).
  2030 | D:3      | 2030 ||| Stepping ~*~*~tactically~*~*~ (stealth).
  2032 | D:3      | 2032 ||| Stepping ~*~*~tactically~*~*~ (stealth).
  2690 | D:2      | 2690 ||| UPGRADING to +0 chain mail.
  2700 | D:2      | 2700 ||| DROPPING +0 leather armour.
  2701 | D:2      | 2701 ||| READING scroll labelled UPTEQ YNEMPUXEC.
  2702 | D:2      | 2702 ||| DRINKING 2 smoky cyan potions.
  2703 | D:2      | 2703 ||| DROPPING potion of attraction.
  2719 | D:3      | 2719 ||| DROPPING +0 whip.
  2828 | D:3      | Reached skill level 5 in Axes
  2934 | D:3      | 2934 ||| Stepping ~*~*~tactically~*~*~ (stealth).
  3069 | D:3      | 3069 ||| Stepping ~*~*~tactically~*~*~ (stealth).
  3300 | D:3      | 3300 ||| READING 2 scrolls of identify.
  3300 | D:3      | 3300 ||| IDENTIFYING bubbling white potion
  3301 | D:3      | 3301 ||| DROPPING potion of ambrosia.
  3524 | D:4      | Gained mutation: Your magical nature lets you fly swiftly
                  | and evasively. [Tengu growth]
  3524 | D:4      | Reached XP level 5. HP: 21/30 MP: 9/9
  3545 | D:4      | 3545 ||| Stepping ~*~*~tactically~*~*~ (stealth).
  3554 | D:4      | Reached skill level 6 in Axes
  3592 | D:4      | HP: 7/30 [iguana (9)]
  3907 | D:4      | 3907 ||| FLEEEEING.
  3911 | D:4      | 3911 ||| FLEEEEING.
  3913 | D:4      | 3913 ||| FLEEEEING.
  3914 | D:4      | 3914 ||| FLEEEEING.
  3915 | D:4      | 3915 ||| FLEEEEING.
  3916 | D:4      | 3916 ||| FLEEEEING.
  3917 | D:4      | 3917 ||| FLEEEEING.
  3918 | D:4      | 3918 ||| FLEEEEING.
  3919 | D:4      | 3919 ||| FLEEEEING.
  3920 | D:4      | 3920 ||| FLEEEEING.
  3936 | D:4      | 3936 ||| FLEEEEING.
  3937 | D:4      | 3937 ||| FLEEEEING.
  3938 | D:4      | 3938 ||| FLEEEEING.
  3939 | D:4      | 3939 ||| FLEEEEING.
  3940 | D:4      | 3940 ||| FLEEEEING.
  3941 | D:4      | 3941 ||| FLEEEEING.
  3942 | D:4      | 3942 ||| FLEEEEING.
  3943 | D:4      | 3943 ||| FLEEEEING.
  3944 | D:4      | 3944 ||| FLEEEEING.
  3945 | D:4      | 3945 ||| FLEEEEING.
  3946 | D:4      | 3946 ||| FLEEEEING.
  3946 | D:4      | HP: 5/30 [poisoned by a kobold]
  3947 | D:4      | 3947 ||| FLEEEEING.
  3948 | D:4      | 3948 ||| FLEEEEING.
  3948 | D:4      | HP: 1/30 [poisoned by a kobold]
  3949 | D:4      | 3949 ||| FLEEEEING.
  3949 | D:4      | Succumbed to a kobold's poison

Levels and vault maps discovered:
D:1:      dpeg_arrival_shrine, layout_basic, eino_curves_02,
          palyth_stone_intersect, hangedman_decor_push, minmay_misc_feat_square
D:2:      layout_basic, shapermc_ecumenical_altar_totnotflames, minmay_distorted
D:3:      layout_basic, amethyst_killhole
D:4:      layout_gridville, chequers_jeans

Skill      XL: |  1  2  3  4  5 |
---------------+----------------+-----
Axes           | 3 4 5 6 |  6.0
Armour         | 2 |  2.1
Fighting       | |  2.0
Throwing       | |  1.0
Dodging        | |  2.1
Spellcasting   | |  2.0
Translocations | |  2.4

Action                   |  1- 3 |  4- 6 || total
-------------------------+-------+-------++-------
Melee: Hand axe          |    79 |    72 ||   151
       Kick              |    19 |    17 ||    36
       Peck              |     8 |     9 ||    17
       Punch             |     1 |       ||     1
Throw: Boomerang         |    39 |    46 ||    85
  Use: Scroll            |     2 |     7 ||     9
       Potion            |       |     5 ||     5
Armor: Leather armour    |    26 |     3 ||    29
       Chain mail        |       |    41 ||    41
Dodge: Dodged            |    50 |    29 ||    79

Table legend:
 A = Non-vault XP
 B = Vault XP
 C = Vault XP percentage of total XP
 D = Non-vault monster count
 E = Vault monster count
 F = Vault count percentage of total count
                 A         B        C        D         E       F
            +---------+---------+-------+---------+---------+-------
      Total |     278 |       2 |   0.7 |      70 |       2 |   2.8
            +---------+---------+-------+---------+---------+-------
        D:1 |      47 |       0 |   0.0 |      27 |       0 |   0.0
        D:2 |      18 |       2 |  10.0 |      11 |       2 |  15.4
        D:3 |      61 |       0 |   0.0 |      23 |       0 |   0.0
        D:4 |     152 |       0 |   0.0 |       9 |       0 |   0.0
            +---------+---------+-------+---------+---------+-------
